 Dungeon Crawl Stone Soup version 0.23.0-2-g0fe3ce5905 (webtiles) character file.

Game seed: 13402845962195991897

9646 Ivernyr the Transmogrifier (level 11, -10/49 HPs)
             Began as a Vine Stalker Transmuter on Feb 20, 2019.
             Was an Elder of Cheibriados.
             Shot with a bolt by an orc knight (18 damage)
             ... on level 2 of the Orcish Mines.
             The game lasted 01:10:16 (10332 turns).

Ivernyr the Transmogrifier (VSTm)                  Turns: 10332, Time: 01:10:17

Health: -10/49     AC:  9    Str: 22    XL:     11   Next: 49%
Magic:  0/24       EV: 16    Int: 25    God:    Cheibriados [****..]
Gold:   1143       SH:  0    Dex: 24    Spells: 15/26 levels left

rFire    + + .     SeeInvis .     - Unarmed
rCold    + . .     Gourm    +   (shield currently unavailable)
rNeg     . . .     Faith    .   C - +3 leather armour {rF+}
rPois    .         Spirit   +   A - +0 helmet
rElec    .         Reflect  .   v - +1 cloak
rCorr    .         Harm     .   (gloves currently unavailable)
MR       +....                  (no boots)
Stlth    ++........             m - amulet of the gourmand
HPRegen  0.56/turn              q - ring of protection from cold
MPRegen  0.19/turn              x - ring of protection from fire

@: blade hands, very slow
A: fangs 3, regeneration 1, magic shield, antimagic bite, no potion heal 3, rot
immunity
a: End Transformation, Bend Time, Temporal Distortion, Slouch, Renounce Religion


You were on level 2 of the Orcish Mines.
You worshipped Cheibriados.
Cheibriados was greatly pleased with you.
You were very full.
You had blades for hands.
You visited 3 branches of the dungeon, and saw 12 of its levels.
You also visited: Bailey.

You collected 1143 gold pieces.

Inventory:

Missiles
 a - 124 arrows
Armour
 v - a +1 cloak (worn)
 A - a +0 helmet (worn)
 C - a +3 leather armour of fire resistance (worn)
Jewellery
 m - an amulet of the gourmand (around neck)
 q - a ring of protection from cold (left scythe-like blade)
 s - an uncursed ring of protection from fire
 x - a ring of protection from fire (right scythe-like blade)
Wands
 p - a wand of clouds (6)
 u - a wand of iceblast (8)
 y - a wand of flame (20)
 E - a wand of paralysis (10)
 F - a wand of enslavement (8)
Scrolls
 f - a scroll of teleportation
 h - 2 scrolls of immolation
 i - a scroll of magic mapping
 j - a scroll of fog
 k - 3 scrolls of identify
 l - 2 scrolls of amnesia
 G - a scroll of remove curse
Potions
 b - a potion of curing {unknown}
 c - 3 potions of degeneration {unknown}
 e - a potion of cancellation {unknown}
 g - a potion of might {unknown}
 n - a potion of mutation {unknown}
 o - a potion of magic {unknown}
 r - a potion of invisibility {unknown}
 t - a potion of agility {unknown}
 w - a potion of ambrosia {unknown}
 z - 2 potions of brilliance {unknown}
 B - 3 potions of heal wounds {unknown}
 D - a potion of flight {unknown}
 H - a potion of resistance
Comestibles
 d - 14 rations


   Skills:
 - Level 1.0 Fighting
 - Level 5.1 Dodging
 + Level 8.5 Unarmed Combat
 + Level 8.2 Spellcasting
 * Level 11.3 Transmutations
 + Level 5.1 Invocations


You had 15 spell levels left.
You knew the following spells:

 Your Spells              Type           Power        Failure   Level  Hunger
a - Beastly Appendage     Tmut           ######       6%          1    None
b - Sticks to Snakes      Tmut           ######..     7%          2    None
c - Spider Form           Tmut/Pois      #####.....   21%         3    None
d - Blade Hands           Tmut           ######....   21%         5    ####...

Your spell library contained the following spells:

 Spells                   Type           Power        Failure   Level  Hunger
 Ice Form                 Ice/Tmut       #####...     36%         4    ##.....
 Corona                   Hex            ##.....      38%         1    None
 Ensorcelled Hibernation  Hex/Ice        ##....       47%         2    None
 Confuse                  Hex            ##......     63%         3    None
 Dazzling Spray           Conj/Hex       ##....       63%         3    None
 Tukima's Dance           Hex            ##......     63%         3    None


Dungeon Overview and Level Annotations

Branches:
Dungeon (9/15)             Temple (1/1) D:7             Orc (2/2) D:9
    Elf (0/3) Orc:2
   Lair: D:8-11

Altars:
Ashenzari
Cheibriados
Dithmenos
Fedhas
Hepliaklqana
Kikubaaqudgha
Makhleb
Qazlal
Ru
Sif Muna
Trog
Wu Jian
Xom
Yredelemnul
Zin
Beogh

Shops:
D:9 (

Annotations:
D:8 1 runed translucent door


Innate Abilities, Weirdness & Mutations

You have razor-sharp teeth.
Your natural rate of healing is unusually fast.
When hurt, damage is shared between your health and your magic reserves.
Your bite disrupts and absorbs the magic of your enemies.
Potions cannot restore your health.
You are immune to rotting.


Message History

t - Shout!
Orders for allies: a - Attack new target. r - Retreat! s - Stop attacking. g - Guard the area. f - Follow me.
Anything else - Cancel.
Gang up on whom?
Press: ? - help, Dir - move target cursor, f - orc knight
Aim: an orc knight, wielding a +0 arbalest Attack!
Your water moccasin closely misses the orc knight.
Your adder misses the orc knight.
Your adder bites the orc knight.
The orc knight shoots a bolt.
The bolt hits you!!
Ouch! That really hurt!
* * * LOW HITPOINT WARNING * * *
Your adder bites the orc knight.
Your water moccasin bites the orc knight.
Your adder bites the orc knight but does no damage.
Your adder bites the orc knight.
The orc knight shoots a bolt.
The bolt barely misses your adder. The bolt hits you!!
You die...

≈≈≈.....o... .# ≈
.......... ..# ≈≈.....
.... #..#
...##..##..##...#
...............# .
..........o)..## ..
...#....##oS...#
.............S#SSS...#
..............SS@...##
............(S#(.....#
..............##....##
.........((....###.##
..........(...## ##
..#...#..(..##.##
...........#....#
...............##
.......<........####


You could see an orc knight, an orc, a friendly water moccasin and 7 friendly
adders.

Vanquished Creatures
  Erolcha (D:9)
  Harold (D:9)
  Pikel (D:7)
  A cyclops (Orc:1)
  Joseph (D:9)
  2 trolls (Orc:1)
  Prince Ribbit (D:7)
  A slime creature (D:6)
  A hippogriff (D:8)
  Sigmund (D:2)
  A yak (D:7)
  A wyvern (D:9)
  A sky beast (D:8)
  An ice beast (D:5)
  19 orc warriors
  2 necrophages (D:9)
  2 ogres
  6 centaurs
  A crocodile (D:7)
  A big kobold (D:9)
  6 scorpions
  8 wights
  A howler monkey (D:7)
  2 electric eels (D:6)
  A crimson imp (D:4)
  A centaur zombie (D:5)
  A quasit (D:9)
  A bullfrog zombie (D:5)
  8 jellies
  6 orc priests
  3 hounds
  11 orc wizards
  A bullfrog skeleton (D:5)
  Natasha (thrice) (D:3)
  An iguana (D:9)
  4 worker ants
  A hound zombie (D:5)
  A hound skeleton (D:9)
  2 worker ant zombies
  13 adders
  4 gnolls (D:5)
  A river rat (D:4)
  3 shadow imps
  11 oozes
  An adder zombie (D:5)
  3 worms
  2 dart slugs
  7 leopard geckos
  30 orcs
  3 ball pythons
  13 bats
  6 giant cockroaches
  12 goblins
  12 hobgoblins
  6 jackals (D:1)
  A quokka (D:8)
  3 frilled lizards
  9 kobolds
  A leopard gecko skeleton (D:4)
  A quokka zombie (D:7)
  10 rats
  A withered plant (D:9)
261 creatures vanquished.

Vanquished Creatures (collateral kills)
  2 yaks (D:7)
  4 orc warriors
  2 wights (D:6)
  2 jellies (D:6)
  4 oozes (D:6)
  3 orcs
17 creatures vanquished.

Vanquished Creatures (others)
  2 slaves (D:7)
  A yak (D:7)
  A human (D:4)
  An orc wizard (D:8)
  4 fungi (D:6)
  3 plants (D:6)
  2 withered plants (D:9)
14 creatures vanquished.

Grand Total: 292 creatures vanquished

Notes
Turn   | Place    | Note
-------+----------+-------------------------------------------
     0 | D:1      | Ivernyr the Vine Stalker Transmuter began the quest for the
                  | Orb.
     0 | D:1      | Reached XP level 1. HP: 9/9 MP: 4/4
    48 | D:1      | Reached skill level 1 in Fighting
   128 | D:1      | Reached XP level 2. HP: 12/14 MP: 6/6
   134 | D:1      | Learned a level 2 spell: Sticks to Snakes
   445 | D:1      | Reached XP level 3. HP: 12/18 MP: 7/7
   590 | D:1      | Learned a level 3 spell: Spider Form
   809 | D:1      | Found a shimmering altar of Xom.
   811 | D:1      | Found a shimmering altar of Xom.
   811 | D:1      | Found a glowing silver altar of Zin.
   813 | D:1      | Found an ancient bone altar of Kikubaaqudgha.
   813 | D:1      | Found an ornate altar of the Wu Jian Council.
   813 | D:1      | Found a sacrificial altar of Ru.
  1113 | D:2      | Found an ancient bone altar of Kikubaaqudgha.
  1132 | D:2      | Found a shattered altar of Ashenzari.
  1154 | D:2      | Reached skill level 3 in Transmutations
  1162 | D:2      | Gained mutation: Your natural rate of healing is unusually
                  | fast. [Vine Stalker growth]
  1162 | D:2      | Reached XP level 4. HP: 6/22 MP: 7/9
  1435 | D:2      | Noticed Sigmund
  1447 | D:2      | Killed Sigmund
  1447 | D:2      | Reached skill level 4 in Transmutations
  1447 | D:2      | Reached XP level 5. HP: 19/25 MP: 5/11
  1447 | D:2      | Reached XP level 6. HP: 23/30 MP: 5/12
  1825 | D:3      | Noticed Natasha
  1840 | D:3      | Killed Natasha
  2021 | D:3      | Noticed Natasha
  2030 | D:3      | Killed Natasha
  2351 | D:3      | Noticed Natasha
  2361 | D:3      | Killed Natasha
  2361 | D:3      | Reached XP level 7. HP: 31/33 MP: 9/13
  2650 | D:4      | Found an ancient bone altar of Kikubaaqudgha.
  2656 | D:4      | Noticed a human
  2657 | D:4      | Killed a human
  2842 | D:4      | Reached skill level 5 in Transmutations
  3362 | D:5      | Entered Level 5 of the Dungeon
  3897 | D:5      | Gained mutation: You have razor-sharp teeth. [Vine Stalker
                  | growth]
  3897 | D:5      | Reached XP level 8. HP: 5/37 MP: 1/15
  4038 | D:5      | Reached skill level 6 in Transmutations
  4223 | D:5      | Reached skill level 5 in Unarmed Combat
  4354 | D:5      | Found a deep blue altar of Sif Muna.
  5129 | D:6      | Found a basalt altar of Yredelemnul.
  5347 | D:6      | Reached skill level 5 in Spellcasting
  5411 | D:6      | Reached skill level 7 in Transmutations
  5649 | D:6      | Found a shadowy altar of Dithmenos.
  5823 | D:6      | Noticed a slime creature
  5868 | D:6      | Killed a slime creature
  5868 | D:6      | Reached XP level 9. HP: 14/41 MP: 0/18
  6267 | D:7      | Found a staircase to the Ecumenical Temple.
  6274 | D:7      | Noticed Prince Ribbit
  6303 | D:7      | Killed Prince Ribbit
  6367 | D:7      | Found a hazy altar of Hepliaklqana.
  6427 | D:7      | Reached skill level 8 in Transmutations
  6430 | D:7      | Noticed Pikel
  6443 | D:7      | Killed Pikel
  6443 | D:7      | Reached skill level 5 in Dodging
  7121 | Temple   | Entered the Ecumenical Temple
  7191 | Temple   | Became a worshipper of Cheibriados the Contemplative
  7582 | D:7      | Reached skill level 9 in Transmutations
  7582 | D:7      | Reached skill level 1 in Invocations
  7645 | D:8      | Reached XP level 10. HP: 45/45 MP: 20/20
  7703 | D:8      | Found a runed translucent door.
  7705 | D:8      | Noticed a sixfirhy
  7718 | D:8      | Reached * piety under Cheibriados
  7845 | D:8      | Found a stormy altar of Qazlal.
  8473 | D:9      | Learned a level 5 spell: Blade Hands
  8556 | D:9      | Reached ** piety under Cheibriados
  8815 | D:9      | Found a staircase to the Orcish Mines.
  8929 | D:9      | Found a flagged portal.
  8929 | D:9      | Noticed Harold
  8937 | D:9      | Killed Harold
  8937 | D:9      | Reached skill level 10 in Transmutations
  8991 | D:9      | Noticed Joseph
  9000 | D:9      | Killed Joseph
  9007 | Bailey   | Entered a bailey
  9151 | D:9      | Found Bileig's Antique Weapon Shoppe.
  9232 | D:9      | Noticed Erolcha
  9239 | D:9      | Killed Erolcha
  9239 | D:9      | Reached XP level 11. HP: 47/49 MP: 16/23
  9460 | D:9      | Found a bloodstained altar of Trog.
  9489 | Orc:1    | Entered Level 1 of the Orcish Mines
  9489 | Orc:1    | Found a roughly hewn altar of Beogh.
  9531 | Orc:1    | Reached *** piety under Cheibriados
  9532 | Orc:1    | Noticed a cyclops
  9539 | Orc:1    | Killed a cyclops
  9776 | Orc:2    | Entered Level 2 of the Orcish Mines
  9802 | Orc:2    | Found a staircase to the Elven Halls.
  9904 | Orc:1    | Reached skill level 11 in Transmutations
 10224 | Orc:2    | Reached **** piety under Cheibriados
 10242 | Orc:2    | Reached skill level 5 in Invocations
 10321 | Orc:2    | Noticed an orc knight
 10332 | Orc:2    | Shot with a bolt by an orc knight

Skill      XL: |  1  2  3  4  5  6  7  8  9 10 11 |
---------------+----------------------------------+-----
Fighting       | 1 |  1.0
Dodging        | 2 3 4 5 |  5.1
Transmutations | 3 4 5 7 9 10 11 | 11.3
Spellcasting   | 3 4 5 6 7 8 |  8.2
Unarmed Combat | 4 5 6 7 8 |  8.5
Invocations    | 1 4 5 |  5.1

Action                   |  1- 3 |  4- 6 |  7- 9 | 10-12 || total
-------------------------+-------+-------+-------+-------++-------
Melee: Unarmed           |   130 |   154 |   367 |   234 ||   885
       Bite              |    29 |    21 |    51 |    76 ||   177
       Headbutt          |     4 |     5 |       |       ||     9
       Kick              |     4 |     2 |    36 |    35 ||    77
       Punch             |     1 |     1 |     8 |     9 ||    19
 Cast: Beastly Appendage |     6 |     6 |    14 |     9 ||    35
       Spider Form       |       |     9 |    26 |     1 ||    36
       Sticks to Snakes  |       |       |    28 |    20 ||    48
       Blade Hands       |       |       |       |    20 ||    20
  Use: Scroll            |       |       |     7 |       ||     7
 Stab: Sleeping          |     1 |     3 |     1 |       ||     5
  Eat: Chunk             |     1 |     6 |    26 |     8 ||    41
       Ration            |       |       |     1 |       ||     1
Armor: Robe              |    26 |    19 |    14 |       ||    59
       Skin              |       |       |     7 |       ||     7
       Leather armour    |       |       |    10 |    79 ||    89
Dodge: Dodged            |    85 |   106 |   252 |   191 ||   634
